 Dungeon Crawl Stone Soup version 0.29-a0-330-g52719c12eb (webtiles) character file.

Game seed: 3719654103213365686

1069 gruber the Destroyer (level 8, -7/41 HPs)
             Began as a Deep Elf Conjurer on May 1, 2022.
             Mangled by Duvessa
             ... wielding a +2 short sword of speed
              (12 damage)
             ... on level 5 of the Dungeon.
             The game lasted 00:04:48 (4377 turns).

gruber the Destroyer (Deep Elf Conjurer)            Turns: 4377, Time: 00:04:48

Health: -7/41      AC:  8    Str:  4    XL:     8   Next: 7%
Magic:  17/26      EV: 13    Int: 26    God:
Gold:   323        SH:  0    Dex: 13    Spells: 14/17 levels left

rFire   . . .      SeeInvis .   w - +5 halberd
rCold   + . .      Faith    .   (shield currently unavailable)
rNeg    . . .      Spirit   .   m - +2 robe {rC+}
rPois   .          Reflect  .   f - +0 helmet
rElec   .          Harm     .   y - +0 cloak
rCorr   .          Rampage  .   (no gloves)
Will    .....                   v - +1 pair of boots
Stlth   ++........              (no amulet)
HPRegen 0.13/turn               c - ring of flight
MPRegen 0.20/turn               k - ring of magical power

@: flying
A: no striking features
a: no special abilities


You were on level 5 of the Dungeon.
You visited 1 branch of the dungeon, and saw 5 of its levels.

You collected 323 gold pieces.

Inventory:

Hand Weapons
 u - a +5 battleaxe
 w - a +5 halberd (weapon)
Armour
 f - a +0 helmet (worn)
 m - a +2 robe of cold resistance (worn)
 v - a +1 pair of boots (worn)
 y - a +0 cloak (worn)
Magical Staves
 a - a staff of earth
Jewellery
 c - a ring of flight (left hand)
 k - a ring of magical power (right hand)
Scrolls
 d - a scroll of magic mapping {unknown}
 e - 5 scrolls of identify {unknown}
 g - a scroll of blinking {unknown}
 h - a scroll of brand weapon {unknown}
 n - 3 scrolls of enchant armour {unknown}
 o - a scroll of summoning
 p - a scroll of enchant weapon {unknown}
 q - a scroll of torment {unknown}
 x - a scroll of fear {unknown}
 z - a scroll of fog {unknown}
 A - a scroll of teleportation {unknown}
Potions
 b - 2 potions of magic
 i - 2 potions of resistance {unknown}
 j - 2 potions of degeneration {unknown}
 l - 2 potions of curing
 r - a potion of flight {unknown}
 s - a potion of mutation {unknown}
 t - 2 potions of brilliance {unknown}


   Skills:
 * Level 4.8 Dodging
 - Level 2.4 Stealth
 - Level 5.1 Spellcasting
 - Level 10.0 Conjurations


You had 14 spell levels left.
You knew the following spells:

 Your Spells              Type           Power      Damage    Failure   Level
a - Magic Dart            Conj           100%       1d8       1%          1
b - Searing Ray           Conj           100%       2d8       1%          2

Your spell library contained the following spells:

 Spells                   Type           Power      Damage    Failure   Level
 Dazzling Flash           Conj/Hex       64%        N/A       3%          3
 Fulminant Prism          Conj/Hex       16%        3d11      10%         4
 Iskenderun's Mystic Bla  Conj/Tloc      32%        2d8       10%         4
 Call Canine Familiar     Summ           6%         N/A       22%         3
 Portal Projectile        Hex/Tloc       12%        N/A       22%         3
 Leda's Liquefaction      Hex/Erth       3%         N/A       58%         4


Dungeon Overview and Level Annotations

Branches:
Dungeon (5/15)
 Temple: D:4-7

Altars:

Annotations:
D:3 3 runed translucent doors, PanSaczeczos's ghost, amateur KoHu
D:5 Duvessa


Message History

The searing ray hits Dowan!
You kill Dowan!
Duvessa screams, "No!
How DARE you!"
Duvessa goes berserk!
The searing ray hits Duvessa!
Duvessa is heavily wounded.
Unknown command.
The searing ray misses Duvessa.
You finish channelling your searing ray.
Duvessa hits you with a +2 short sword of speed!
Duvessa hits you with a +2 short sword of speed.
Unknown command.
Unknown command.
Casting: Searing Ray (safe; 1% risk of failure)
Confirm with . or Enter, or press ? or * to list all spells.
Aiming: Searing Ray (safe; 1% risk of failure)
Press: ? - help, Shift-Dir - straight line, f - Duvessa
Aim: Duvessa, wielding a +2 short sword of speed and wearing a +0 leather armour (heavily wounded, berserk, fast, 85% to hit)
The searing ray hits Duvessa.
Duvessa is heavily wounded. (Press . to maintain the ray.) Duvessa completely misses you.
Duvessa hits you with a +2 short sword of speed.
The searing ray hits Duvessa.
Duvessa is severely wounded.
Duvessa hits you with a +2 short sword of speed.
Duvessa hits you but does no damage.
Unknown command.
Unknown command.
The searing ray hits Duvessa!
Duvessa is severely wounded.
Duvessa barely misses you.
Duvessa hits you with a +2 short sword of speed!
* * * LOW HITPOINT WARNING * * *
Duvessa hits you with a +2 short sword of speed.
* * * LOW HITPOINT WARNING * * *
The searing ray hits Duvessa!
Duvessa is almost dead.
You finish channelling your searing ray.
Duvessa hits you with a +2 short sword of speed!
You die...

+###+## ......# #..#
......+ #..# .....##
#..# .##..# #....#..#
.##..## #....#..#
......# +....#..#
.....##+##....##e#
.....#........#.@#####
.....#........#..+...#
.....+........#......+
.###'#......#####.#..#
.#....####........#..#
.#....+ #>.#.###.#..#
.#....# #..#.###.#..#
.#....# #..#.###.#..+
##....# ...#.......+#


You could see Duvessa (berserk, fast).

Vanquished Creatures
  Sigmund (D:2)
  3 ogres (D:4)
  A scorpion (D:4)
  4 wights (D:4)
  Dowan (D:5)
  A howler monkey (D:4)
  2 hounds (D:3)
  Terence (D:2)
  An orc wizard (D:4)
  Robin (D:3)
  A gnoll (D:3)
  8 adders
  3 worms
  3 dart slugs
  6 orcs (D:4)
  3 ball pythons
  7 endoplasms
  4 giant cockroaches
  17 goblins
  8 hobgoblins
  4 kobolds
  3 quokkas
  5 bats
  3 frilled lizards
  A rat (D:1)
92 creatures vanquished.

Vanquished Creatures (others)
  3 fungi (D:3)
  4 plants
7 creatures vanquished.

Grand Total: 99 creatures vanquished

Notes
Turn   | Place    | Note
-------+----------+-------------------------------------------
     0 | D:1      | gruber the Deep Elf Conjurer began the quest for the Orb.
     0 | D:1      | Reached XP level 1. HP: 10/10 MP: 6/6
    66 | D:1      | Found a faded altar of an unknown god.
   224 | D:1      | Reached XP level 2. HP: 15/15 MP: 6/8
   281 | D:1      | Reached skill level 5 in Conjurations
   683 | D:2      | Reached XP level 3. HP: 19/19 MP: 9/9
   686 | D:2      | Learned a level 2 spell: Searing Ray
   922 | D:2      | Noticed Sigmund
   942 | D:2      | Killed Sigmund
   943 | D:2      | Reached skill level 7 in Conjurations
   943 | D:2      | Reached XP level 4. HP: 8/24 MP: 12/12
   943 | D:2      | Reached XP level 5. HP: 10/28 MP: 12/13
  1255 | D:2      | Noticed Terence
  1273 | D:2      | Killed Terence
  1861 | D:3      | Reached XP level 6. HP: 32/32 MP: 14/14
  2041 | D:3      | Found a runed translucent gate.
  2042 | D:3      | Found a runed translucent gate.
  2043 | D:3      | Found a runed translucent gate.
  2045 | D:3      | Noticed PanSaczeczos's ghost (amateur KoHu)
  2238 | D:3      | Noticed Robin
  2247 | D:3      | Killed Robin
  2592 | D:3      | Reached skill level 5 in Spellcasting
  2908 | D:4      | Reached skill level 8 in Conjurations
  3201 | D:4      | Reached XP level 7. HP: 36/36 MP: 16/16
  3436 | D:4      | Reached skill level 9 in Conjurations
  3662 | D:4      | Reached skill level 10 in Conjurations
  3740 | D:4      | Reached XP level 8. HP: 18/41 MP: 15/17
  4101 | D:5      | Entered Level 5 of the Dungeon
  4369 | D:5      | Noticed Duvessa
  4369 | D:5      | Noticed Dowan
  4372 | D:5      | Killed Dowan
  4377 | D:5      | Mangled by Duvessa

Illustrated notes

Levels and vault maps discovered:
D:1:      ebering_trefoil_3fold, layout_rooms,
          hellmonk_ecumenical_altar_run_dry, serial_bayou_pond_e, st_stairs_14
D:2:      layout_basic, uniq_terence, uniq_sigmund
D:3:      layout_loops_corners, gammafunk_ghost_nasty_kobolds,
          cheibrodos_gnoll_hut, uniq_robin
D:4:      layout_basic, serial_forest, infiniplex_forest_end_1,
          infiniplex_forest_lined_2, infiniplex_forest_clump_small,
          infiniplex_forest_clump_C, infiniplex_forest_clump_curved,
          infiniplex_forest_lined_corner, feat_on_display
D:5:      layout_gridville, minmay_misc_feat_encased, uniq_duvessa

Skill      XL: |  1  2  3  4  5  6  7 |
---------------+----------------------+-----
Conjurations   | 5 7 8 10 | 10.0
Spellcasting   | 4 5 |  5.1
Dodging        | 4 |  4.8
Stealth        | |  2.4

Action                   |  1- 3 |  4- 6 |  7- 9 || total
-------------------------+-------+-------+-------++-------
 Cast: Magic Dart        |    49 |    56 |    33 ||   138
       Searing Ray       |     2 |    12 |     7 ||    21
  Use: Potion            |     1 |       |       ||     1
Armor: Robe              |     1 |     2 |     1 ||     4
Dodge: Dodged            |     8 |    11 |     9 ||    28

Table legend: (Time is in decaauts)
 A = Elapsed time spent in this place.
 B = Non-inter-level travel time spent in this place.
 C = Inter-level travel time spent in this place.
 D = Time resting spent in this place.
 E = Time spent auto-exploring this place.
 F = Levels seen in this place.
 G = Mean time per level.
                   A        B        C        D        E       F      G
               +--------+--------+--------+--------+--------+-----+--------+
         Total |   4374 |   4259 |    115 |      0 |   3803 |   5 |  874.8 |
       Dungeon |   4374 |   4259 |    115 |      0 |   3803 |   5 |  874.8 |
               +--------+--------+--------+--------+--------+-----+--------+

Top non-repeatable levels by time:
     D:4: 1265 daAuts
     D:2: 1169 daAuts
     D:3: 1036 daAuts
     D:1: 627 daAuts
     D:5: 275 daAuts
